 Dungeon Crawl Stone Soup version 0.29.0-4-gdea44cf6ec (webtiles) character file.

Game seed: 13544322206219742295

627 oldmanjim the Changer (level 7, -2/70 HPs)
             Began as an Ogre Transmuter on Aug 27, 2022.
             Was an Initiate of Gozag.
             Slain by a gnoll
             ... wielding a +0 club
             ... led by a gnoll bouda
              (4 damage)
             ... on level 5 of the Dungeon.
             The game lasted 00:27:47 (6554 turns).

oldmanjim the Changer (Ogre Transmuter)             Turns: 6554, Time: 00:27:47

Health: -2/70      AC:  2    Str: 15    XL:     7   Next: 47%
Magic:  10/13      EV: 18    Int: 16    God:    Gozag
Gold:   190        SH:  0    Dex: 14    Spells: 10/14 levels left

rFire   + . .      SeeInvis .     - Unarmed
rCold   . . .      Faith    .   (shield currently unavailable)
rNeg    + . .      Spirit   .   (body armour currently unavailable)
rPois   x          Reflect  .   (helmet currently unavailable)
rElec   .          Harm     .   (cloak currently unavailable)
rCorr   .          Rampage  .   (gloves unavailable)
Will    .....                   (boots unavailable)
Stlth   +.........              (no amulet)
HPRegen 0.21/turn               d - ring of positive energy
MPRegen 0.13/turn               o - ring of protection from fire

@: lethally poisoned (-2 -> -5), spider-form, weakened, gold aura
A: venomous fangs, tiny, unfitting armour, (tough skin 1)
a: End Transformation, Renounce Religion, Potion Petition, Call Merchant, Bribe
Branch


You were on level 5 of the Dungeon.
You worshipped Gozag.
Gozag was aware of your devotion.
You were a venomous arachnid creature.
You visited 2 branches of the dungeon, and saw 6 of its levels.

You collected 284 gold pieces.
You paid 94 gold pieces to Gozag.

Inventory:

Hand Weapons
 b - a +0 sling
 h - a +2 mace of draining
Missiles
 i - 24 stones (quivered)
 l - 7 javelins
Armour
 a - a +0 robe
 s - a +2 robe of fire resistance (melded)
Jewellery
 d - a ring of positive energy (left front leg)
 n - a ring of positive energy
 o - a ring of protection from fire (right front leg)
Wands
 e - a wand of flame (13)
Scrolls
 c - a scroll of teleportation
 j - a scroll of enchant weapon {unknown}
 k - a scroll of torment {unknown}
Potions
 f - a potion of degeneration {unknown}
 g - a potion of heal wounds {unknown}
 m - a potion of mutation {unknown}
 p - a potion of brilliance {unknown}
 q - a potion of ambrosia {unknown}
 r - a potion of cancellation {unknown}


   Skills:
 - Level 4.0 Fighting
 - Level 1.7 Dodging
 - Level 4.0 Unarmed Combat
 - Level 4.0 Spellcasting
 + Level 4.4 Transmutations
 - Level 3.0 Poison Magic


You had 10 spell levels left.
You knew the following spells:

 Your Spells              Type           Power      Damage    Failure   Level
a - Beastly Appendage     Tmut           34%        N/A       10%         1
b - Spider Form           Tmut/Pois      15%        N/A       26%         3

Your spell library contained the following spells:

 Spells                   Type           Power      Damage    Failure   Level
 Wereblood                Tmut           17%        N/A       13%         2
 Magic Dart               Conj           12%        1d3       36%         1
 Call Imp                 Summ           3%         N/A       47%         2
 Scorch                   Fire           6%         2d5       47%         2
 Mephitic Cloud           Conj/Pois/Air  6%         N/A       54%         3
 Ice Form                 Ice/Tmut       10%        N/A       77%         4
 Flame Wave               Conj/Fire      3%         2d5       95%         4
 Summon Cactus Giant      Summ           1%         N/A       100%        6


Dungeon Overview and Level Annotations

Branches:
Dungeon (5/15)             Temple (1/1) D:5

Altars:
Ashenzari
Gozag
Nemelex Xobeh
Okawaru
Ru
Sif Muna
Uskayaw
Wu Jian
Xom
Yredelemnul
The Shining One

Annotations:
D:3 Ijyb


Innate Abilities, Weirdness & Mutations

You are a venomous arachnid creature.
You have poisonous fangs.
You are tiny and dextrous.
Your spellcasting is less reliable in this form.
Your armour is entirely melded.
You are incapable of wielding weapons or throwing items.
You are too large for most types of armour.
((You have tough skin. (AC +1)))


Message History

The killer bee barely misses you.
Your transformation has ended.
Your +2 robe of fire resistance unmelds from your body.
You feel resistant to fire.
You feel very sick. The killer bee stings you. x2
The adder attacks as you move away! The adder bites you but does no damage.
Your surroundings suddenly seem different.
A gnoll bouda and 3 gnolls come into view.
Found a leather armour.
You feel very sick.
The gnoll bouda shouts!
The gnoll shouts! x2
The gnoll bouda barks out a call to the hunt!
The gnolls pick up the pace!
Casting: Spider Form (dangerous; 11% risk of failure)
Confirm with . or Enter, or press ? or * to list all spells.
You turn into a venomous arachnid creature.
Your +2 robe of fire resistance melds into your body.
You feel less resistant to fire.
You feel very sick. The gnoll completely misses you.
You feel sick. The gnoll closely misses you. x2
You hit the gnoll but do no damage.
The gnoll is poisoned.
You feel sick.
You feel a bit more experienced. The gnoll hits you with a +0 flail.
* * * LOW HITPOINT WARNING * * *
The gnoll hits you from afar with a +0 halberd!
* * * LOW HITPOINT WARNING * * *
Unknown command.
The gnoll attacks as you move away! The gnoll completely misses you.
* * * LOW HITPOINT WARNING * * *
You feel sick. The gnoll closely misses you.
The gnoll bouda gazes fiercely through you!
You feel your attacks grow feeble. The gnoll barely misses you.
You hit the gnoll.
The gnoll is poisoned.
The gnoll is moderately wounded.
* * * LOW HITPOINT WARNING * * *
You feel sick. The gnoll hits you with a +0 club.
You die...
Your body crumbles into a pile of gold.

### #.#
#.# ###..
##...#
####..g.##
......gg.#
#.....gs.#
##...[...#
#.......#
#.......#
#.......##
...###..#
... ##..
.. #..


You could see a gnoll bouda and 3 gnolls.

Vanquished Creatures
  An ogre (D:4)
  A phantom (D:4)
  Blork the orc (D:4)
  A scorpion (D:5)
  2 orc priests
  5 orc wizards
  4 adders
  An ufetubus (D:4)
  3 dart slugs
  11 orcs
  5 ball pythons
  10 endoplasms
  2 giant cockroaches
  9 goblins
  8 hobgoblins
  15 jackals
  3 quokkas
  10 bats
  3 frilled lizards
  8 kobolds
  6 rats
109 creatures vanquished.

Vanquished Creatures (others)
  A scorpion (D:4)
  An orc wizard (D:4)
  A worm (D:4)
  An orc (D:4)
  A giant cockroach (D:4)
  A hobgoblin (D:4)
  A jackal (D:4)
  A ball python (D:4)
8 creatures vanquished.

Grand Total: 117 creatures vanquished

Notes
Turn   | Place    | Note
-------+----------+-------------------------------------------
     0 | D:1      | oldmanjim the Ogre Transmuter began the quest for the Orb.
     0 | D:1      | Reached XP level 1. HP: 19/19 MP: 3/3
   149 | D:1      | Reached XP level 2. HP: 24/27 MP: 3/5
   665 | D:1      | Reached XP level 3. HP: 33/33 MP: 5/7
  1357 | D:1      | Learned a level 3 spell: Spider Form
  1425 | D:2      | Reached XP level 4. HP: 7/41 MP: 8/8
  1428 | D:2      | HP: 3/61 [poisoned by an adder]
  1803 | D:2      | Reached skill level 1 in Poison Magic
  2571 | D:3      | Found an ornate altar of the Wu Jian Council.
  2649 | D:3      | Found a faded altar of an unknown god.
  3177 | D:3      | Reached XP level 5. HP: 46/48 MP: 7/9
  3428 | D:3      | Noticed Ijyb
  3781 | D:4      | Noticed a phantom
  4485 | D:4      | Found a hide-covered altar of Uskayaw.
  4608 | D:4      | Reached XP level 6. HP: 22/58 MP: 3/10
  5169 | D:4      | Found a shimmering altar of Xom.
  5309 | D:4      | Reached XP level 7. HP: 56/68 MP: 5/12
  5624 | D:4      | Noticed Blork the orc
  5637 | D:4      | Killed Blork the orc
  5934 | D:5      | Entered Level 5 of the Dungeon
  6299 | D:5      | Found a staircase to the Ecumenical Temple.
  6312 | Temple   | Entered the Ecumenical Temple
  6505 | Temple   | Became a worshipper of Gozag Ym Sagoz the Greedy
  6553 | D:5      | HP: 3/70 [poisoned by a killer bee]
  6554 | D:5      | Slain by a gnoll

Illustrated notes

Levels and vault maps discovered:
D:1:      amcnicky_arrival_double_pillar, layout_loops_ring, serial_rivers,
          chequers_serial_rivers_large_a, chequers_serial_rivers_small_b,
          chequers_serial_rivers_micro_b, chequers_serial_rivers_micro_a,
          chequers_serial_rivers_micro_d, chequers_serial_rivers_micro_b,
          minivault_5
D:2:      layout_loops_ring, grunt_decor_junction
D:3:      kennysheep_the_goblin_king, layout_loops_ring,
          nicolae_overflow_crystal_walls,
          hellmonk_ecumenical_altar_inner_sanctum, patterned_corridor
D:4:      layout_basic, xom_confusion_cloud, kennysheep_mini,
          minmay_misc_feat_diagonals, uniq_blork_the_orc
D:5:      layout_layer_cave, minmay_temple_entry_proselytizer, st_stairs_13,
          minmay_misc_feat_square, wad_floor_pattern_2, uniq_menkaure
Temple:   nicolae_temple_bog_church

Skill      XL: |  1  2  3  4  5  6  7 |
---------------+----------------------+-----
Transmutations | 2 3 4 |  4.4
Spellcasting   | 3 4 |  4.0
Poison Magic   | 1 3 |  3.0
Fighting       | 2 3 4 |  4.0
Unarmed Combat | 3 4 |  4.0
Dodging        | |  1.7

Action                   |  1- 3 |  4- 6 |  7- 9 || total
-------------------------+-------+-------+-------++-------
Melee: Unarmed           |   109 |   170 |    38 ||   317
       Kick              |    19 |    28 |     1 ||    48
       Headbutt          |    14 |    19 |     2 ||    35
       Punch             |     1 |     3 |       ||     4
 Fire: Sling             |       |    52 |       ||    52
 Cast: Beastly Appendage |    21 |    22 |     1 ||    44
       Spider Form       |       |     8 |     7 ||    15
  Use: Potion            |     1 |     2 |       ||     3
       Scroll            |       |     2 |     1 ||     3
Armor: Robe              |    27 |    54 |     1 ||    82
       Skin              |     7 |     1 |     2 ||    10
Dodge: Dodged            |    50 |    85 |    53 ||   188
